[Event "ICCopen2017"]
[Site "Internet Chess Club"]
[Date "2017.03.26"]
[Round "1"]
[White "arsam"]
[Black "Wage-slave"]
[Result "1-0"]
[ICCResult "Black checkmated"]
[WhiteElo "2691"]
[BlackElo "1761"]
[Opening "French defense"]
[ECO "B41"]
[NIC "FR.01"]
[Time "19:02:00"]
[TimeControl "180+0"]

1. e4 e6 2. d4 c5 3. Nf3 b6 4. Nc3 Bb7 5. Bg5 Be7 6. Bxe7 Nxe7 7. Nb5 d6 8.
dxc5 bxc5 9. Nxd6+ Kf8 10. Nxb7 Qc7 11. e5 Qxb7 12. Qd8# {Black checkmated}
1-0

[Event "ICCopen2017"]
[Site "Internet Chess Club"]
[Date "2017.03.26"]
[Round "1"]
[White "weakfish"]
[Black "Dare-Dare"]
[Result "0-1"]
[ICCResult "White resigns"]
[WhiteElo "1285"]
[BlackElo "1940"]
[Opening "French: Tarrasch, closed variation"]
[ECO "C05"]
[NIC "FR.16"]
[Time "19:01:28"]
[TimeControl "180+0"]

1. e4 e6 2. d4 d5 3. Nd2 Nf6 4. e5 Nfd7 5. f4 c5 6. c3 Nc6 7. Ngf3 Qb6 8.
Nb3 a5 9. Be3 a4 10. Nbd2 Qxb2 11. Rb1 Qxc3 12. dxc5 Qxe3+ 13. Be2 Bxc5
{White resigns}
0-1

[Event "ICCopen2017"]
[Site "Internet Chess Club"]
[Date "2017.03.26"]
[Round "1"]
[White "SONICS71"]
[Black "yozhik"]
[Result "0-1"]
[ICCResult "White resigns"]
[WhiteElo "1799"]
[BlackElo "2718"]
[Opening "Vienna: Paulsen-Mieses variation"]
[ECO "C26"]
[NIC "VG.01"]
[Time "19:02:11"]
[TimeControl "180+0"]

1. e4 e5 2. Nc3 Nf6 3. g3 d5 4. Bg2 d4 5. Nce2 d3 6. cxd3 Nc6 7. Qb3 Bc5 8.
Nh3 O-O 9. O-O Bg4 10. a3 Bxe2 {White resigns} 0-1

[Event "ICCopen2017"]
[Site "Internet Chess Club"]
[Date "2017.03.26"]
[Round "1"]
[White "Bojack"]
[Black "touchthis"]
[Result "1-0"]
[ICCResult "Black checkmated"]
[WhiteElo "2068"]
[BlackElo "1423"]
[Opening "French: Two knights variation"]
[ECO "C00"]
[NIC "FR.01"]
[Time "19:02:40"]
[TimeControl "180+0"]

1. e4 e6 2. Nf3 d5 3. Nc3 dxe4 4. Nxe4 Nf6 5. Nxf6+ Qxf6 6. d4 Nd7 7. Bd3
Qd8 8. O-O g6 9. Re1 Bg7 10. Bg5 f6 11. Rxe6+ Kf7 12. Bc4 Kf8 13. Bd2 Nb6
14. Bb4+ Kg8 15. Re8# {Black checkmated} 1-0

[Event "ICCopen2017"]
[Site "Internet Chess Club"]
[Date "2017.03.26"]
[Round "1"]
[White "manneredmonkey"]
[Black "jefferyx"]
[Result "0-1"]
[ICCResult "White resigns"]
[WhiteElo "1792"]
[BlackElo "2775"]
[Opening "English opening"]
[ECO "A20"]
[NIC "EO.24"]
[Time "19:01:37"]
[TimeControl "180+0"]

1. c4 e5 2. g3 c6 3. d4 e4 4. Nc3 d5 5. Bg2 Nf6 6. Bg5 Nbd7 7. h4 Be7 8. Nh3
Qa5 9. cxd5 cxd5 10. O-O h6 11. Bd2 Qd8 12. Rc1 Nb6 13. Nb5 O-O 14. Bf4 Bg4
15. Bc7 Qd7 16. Nxa7 Nc4 17. b3 Bxh3 18. bxc4 Bxg2 19. Kxg2 Rxa7 {White
resigns} 0-1

[Event "ICCopen2017"]
[Site "Internet Chess Club"]
[Date "2017.03.26"]
[Round "1"]
[White "chessdad"]
[Black "hgarjur"]
[Result "0-1"]
[ICCResult "White resigns"]
[WhiteElo "1226"]
[BlackElo "1907"]
[Opening "Sicilian: wing gambit deferred"]
[ECO "B50"]
[NIC "SI.01"]
[Time "19:01:28"]
[TimeControl "180+0"]

1. e4 c5 2. Nf3 d6 3. b4 b6 4. bxc5 bxc5 5. d4 cxd4 6. Qxd4 Nc6 7. Qd5 Bd7
8. Bb5 Rc8 9. Nc3 e6 10. Qd3 Nf6 11. O-O Be7 12. Bb2 O-O 13. Rad1 Qb6 14.
Ba1 Nb4 15. Qe2 Rxc3 16. Bxd7 Rxc2 17. Qb5 Qxb5 18. Bxb5 Rxa2 19. Bc3 Nc2
20. Ra1 Rxa1 {White resigns} 0-1

[Event "ICCopen2017"]
[Site "Internet Chess Club"]
[Date "2017.03.26"]
[Round "1"]
[White "blunder23"]
[Black "CristianS"]
[Result "0-1"]
[ICCResult "White resigns"]
[WhiteElo "1464"]
[BlackElo "2081"]
[Opening "Danish gambit: Sorensen defense"]
[ECO "C21"]
[NIC "KP.04"]
[Time "19:01:27"]
[TimeControl "180+0"]

1. e4 e5 2. d4 exd4 3. c3 d5 4. Qxd4 dxe4 5. Qxd8+ Kxd8 6. Bf4 Bd6 7. Bxd6
cxd6 8. Nd2 Nf6 9. O-O-O Nc6 10. Nc4 d5 11. f3 Kc7 12. Ne3 Be6 13. Bb5 a6
14. Bxc6 bxc6 15. Nf5 Bxf5 16. fxe4 Nxe4 17. Rf1 Bg6 18. Nf3 a5 19. Ne5 f6
20. Nxg6 hxg6 21. h3 Ng3 22. Rhg1 Nxf1 23. Rxf1 Rhe8 24. Kd2 Re4 25. Rf2
Rae8 26. g3 a4 27. b3 axb3 28. axb3 Re3 29. h4 Rxg3 {White resigns} 0-1

[Event "ICCopen2017"]
[Site "Internet Chess Club"]
[Date "2017.03.26"]
[Round "1"]
[White "TheDonald"]
[Black "FiveCardDraw"]
[Result "1-0"]
[ICCResult "Black resigns"]
[WhiteElo "2151"]
[BlackElo "1499"]
[Opening "French defense"]
[ECO "C00"]
[NIC "FR.01"]
[Time "19:02:23"]
[TimeControl "180+0"]

1. e4 e6 2. Nc3 d5 3. d3 dxe4 4. dxe4 Qxd1+ 5. Nxd1 Bd7 6. f3 Bc6 7. Bd3 Nd7
8. Ne3 O-O-O 9. Bd2 Ngf6 10. O-O-O Kb8 11. Ne2 Bc5 12. Nc4 Rhe8 13. Bc3 b6
14. Ne5 Nxe5 15. Bxe5 Bd6 16. Bc3 Bc5 17. a3 Rd7 18. b4 Bf8 19. Nd4 Bb7 20.
Bb5 Red8 21. Bxd7 Rxd7 22. Ne2 Rxd1+ 23. Rxd1 a5 24. Rd8+ {Black resigns}
1-0

[Event "ICCopen2017"]
[Site "Internet Chess Club"]
[Date "2017.03.26"]
[Round "1"]
[White "BlueGreen"]
[Black "pagoda"]
[Result "1-0"]
[ICCResult "Black resigns"]
[WhiteElo "2733"]
[BlackElo "1772"]
[Opening "Réti opening"]
[ECO "A04"]
[NIC "QP.11"]
[Time "19:02:09"]
[TimeControl "180+0"]

1. Nf3 d6 2. g3 Nf6 3. Bg2 e6 4. O-O Be7 5. d4 O-O 6. Nc3 Nbd7 7. e4 e5 8.
Re1 a6 9. Be3 b5 10. a4 b4 11. Nd5 Nxd5 12. exd5 exd4 13. Nxd4 Bb7 14. a5
Ne5 15. b3 Bf6 16. Ra4 Rb8 17. Rxb4 g6 18. c4 Qd7 19. h3 c5 20. dxc6 Nxc6
21. Rxb7 {Black resigns} 1-0

[Event "ICCopen2017"]
[Site "Internet Chess Club"]
[Date "2017.03.26"]
[Round "1"]
[White "Vogel"]
[Black "croder"]
[Result "1-0"]
[ICCResult "Black checkmated"]
[WhiteElo "2197"]
[BlackElo "1529"]
[Opening "Philidor's defense"]
[ECO "C41"]
[NIC "KP.10"]
[Time "19:02:41"]
[TimeControl "180+0"]

1. e4 e5 2. Nf3 d6 3. Bc4 Be6 4. Bxe6 fxe6 5. O-O Be7 6. d4 exd4 7. Nxd4 e5
8. Ne6 Qc8 9. Nxg7+ Kf8 10. Nf5 Nf6 11. Bh6+ Kf7 12. Bg5 Qg8 13. Nh6+ Ke6
14. Nxg8 Nxg8 15. Qg4+ Kf7 16. Qf5+ Nf6 17. Bxf6 Bxf6 18. Nc3 c6 19. f4 Rf8
20. Qxh7+ Ke6 21. f5# {Black checkmated} 1-0

[Event "ICCopen2017"]
[Site "Internet Chess Club"]
[Date "2017.03.26"]
[Round "1"]
[White "EngHany"]
[Black "icewoman"]
[Result "1-0"]
[ICCResult "Black resigns"]
[WhiteElo "1846"]
[BlackElo "1073"]
[Opening "QGD: exchange, positional line"]
[ECO "D35"]
[NIC "QO.16"]
[Time "19:01:40"]
[TimeControl "180+0"]

1. d4 d5 2. c4 e6 3. Nc3 Nf6 4. cxd5 exd5 5. Bg5 Be7 6. e3 h6 7. Bh4 O-O 8.
Bd3 b6 9. Qc2 Bb7 10. Nge2 Nbd7 11. O-O Ne4 12. Bxe4 dxe4 13. Bg3 f5 14. Nb5
Qc8 15. Nxc7 Rb8 16. Qb3+ Kh8 17. Nf4 Bd6 18. Ng6+ Kh7 19. Nxf8+ Nxf8 20.
Bxd6 Qd7 21. Bg3 Rd8 22. Rac1 Qf7 23. Qxf7 {Black resigns} 1-0

[Event "ICCopen2017"]
[Site "Internet Chess Club"]
[Date "2017.03.26"]
[Round "1"]
[White "DetectiveStark"]
[Black "DaffyDuck"]
[Result "1-0"]
[ICCResult "Black resigns"]
[WhiteElo "2532"]
[BlackElo "1681"]
[Opening "Réti: King's Indian attack"]
[ECO "A05"]
[NIC "QP.11"]
[Time "19:02:14"]
[TimeControl "180+0"]

1. Nf3 Nf6 2. g3 g6 3. Bg2 Bg7 4. O-O O-O 5. d4 d6 6. b3 e5 7. dxe5 Ng4 8.
Bb2 Nxe5 9. Nxe5 dxe5 10. c4 c6 11. Nc3 Be6 12. Ne4 Qc7 13. Qd6 Na6 14. Rfd1
Rad8 15. Qxc7 Nxc7 16. Nd6 Rb8 17. Rd2 Rfd8 18. Rad1 Rf8 19. Ne4 h6 20. Nc5
Bc8 21. Ba3 Re8 22. Ne4 Bf5 23. Nd6 Red8 24. Nxf5 Rxd2 25. Ne7+ {Black
resigns} 1-0

[Event "ICCopen2017"]
[Site "Internet Chess Club"]
[Date "2017.03.26"]
[Round "1"]
[White "kilimanjaro"]
[Black "volver"]
[Result "1-0"]
[ICCResult "Black resigns"]
[WhiteElo "2074"]
[BlackElo "1441"]
[Opening "Ruy Lopez: exchange variation"]
[ECO "C68"]
[NIC "RL.08"]
[Time "19:01:25"]
[TimeControl "180+0"]

1. e4 e5 2. Nf3 Nc6 3. Bb5 a6 4. Bxc6 dxc6 5. d3 Bd6 6. Be3 Ne7 7. Nbd2 O-O
8. Qe2 Ng6 9. O-O-O Be6 10. Kb1 b5 11. d4 exd4 12. Nxd4 c5 13. Nxe6 fxe6 14.
Nb3 c4 15. Nc5 Qe7 16. Nb7 Rfb8 17. Na5 Qe8 18. Qh5 c5 19. Rxd6 Rc8 20. Rhd1
e5 21. Qg5 Nf4 22. Bxf4 exf4 23. Qxf4 Qf8 24. Qxf8+ Rxf8 25. f3 Rfc8 26. Nc6
Kf7 27. Ne5+ Kf8 28. Nd7+ Kf7 29. Nb6 {Black resigns} 1-0

[Event "ICCopen2017"]
[Site "Internet Chess Club"]
[Date "2017.03.26"]
[Round "1"]
[White "EddieBarber"]
[Black "anakinnn"]
[Result "1-0"]
[ICCResult "Black resigns"]
[WhiteElo "1882"]
[BlackElo "1194"]
[Opening "Alekhine's defense: modern, fianchetto variation"]
[ECO "B04"]
[NIC "AL.04"]
[Time "19:02:14"]
[TimeControl "180+0"]

1. e4 Nf6 2. e5 Nd5 3. d4 d6 4. Nf3 g6 5. c4 Nb6 6. exd6 cxd6 7. Nc3 Bg7 8.
Be2 O-O 9. Be3 Nc6 10. O-O e5 11. c5 dxc5 12. d5 Nd4 13. Na4 Nxa4 14. Bxd4
cxd4 15. Qxa4 Qxd5 16. Bc4 Qd6 17. Rfe1 Bd7 18. Qb3 Rae8 19. Qxb7 Bc6 20.
Qa6 Bxf3 21. Qxd6 {Black resigns} 1-0

[Event "ICCopen2017"]
[Site "Internet Chess Club"]
[Date "2017.03.26"]
[Round "1"]
[White "Wilsonpalencia"]
[Black "chigato"]
[Result "1-0"]
[ICCResult "Black resigns"]
[WhiteElo "2518"]
[BlackElo "1680"]
[Opening "Philidor's defense"]
[ECO "C41"]
[NIC "KP.08"]
[Time "19:02:07"]
[TimeControl "180+0"]

1. e4 e5 2. Nf3 d6 3. d4 Qe7 4. Nc3 c6 5. a4 Bg4 6. dxe5 dxe5 7. Be2 Nd7 8.
Be3 f6 9. Nd2 Be6 10. Bg4 Rd8 11. Bxe6 Qxe6 12. Qe2 Ne7 13. O-O Qf7 14. Nc4
Nc8 15. Na5 Qe7 16. Nxb7 Ndb6 17. Nxd8 Qxd8 18. a5 Nd7 19. Qc4 Qe7 20. Qxc6
{Black resigns}
1-0

[Event "ICCopen2017"]
[Site "Internet Chess Club"]
[Date "2017.03.26"]
[Round "1"]
[White "Filiron"]
[Black "EGK"]
[Result "1-0"]
[ICCResult "Black resigns"]
[WhiteElo "1481"]
[BlackElo "1928"]
[Opening "Scandinavian defense"]
[ECO "B01"]
[NIC "SD.03"]
[Time "19:02:51"]
[TimeControl "180+0"]

1. e4 d5 2. exd5 Nf6 3. d4 Bg4 4. f3 Bf5 5. g4 Bg6 6. c4 c6 7. g5 Nh5 8. Nc3
cxd5 9. cxd5 a6 10. f4 e6 11. dxe6 h6 12. f5 Bxf5 13. exf7+ {Black resigns}
1-0

[Event "ICCopen2017"]
[Site "Internet Chess Club"]
[Date "2017.03.26"]
[Round "1"]
[White "wmanthony"]
[Black "GrandPatzer5"]
[Result "0-1"]
[ICCResult "White resigns"]
[WhiteElo "1328"]
[BlackElo "1953"]
[Opening "Queen's pawn"]
[ECO "A40"]
[NIC "QO.17"]
[Time "19:02:39"]
[TimeControl "180+0"]

1. d4 e6 2. Bf4 c5 3. dxc5 Bxc5 4. Nc3 d5 5. e3 Nc6 6. Bb5 Nf6 7. Nge2 O-O
8. O-O a6 9. Ba4 b5 10. Bb3 Bb7 11. a3 h6 12. Bg3 Rc8 13. Nf4 Na5 14. Bxd5
exd5 15. b4 Be7 16. bxa5 Rxc3 {White resigns} 0-1

[Event "ICCopen2017"]
[Site "Internet Chess Club"]
[Date "2017.03.26"]
[Round "1"]
[White "DukeBishop"]
[Black "playwaycool"]
[Result "0-1"]
[ICCResult "White resigns"]
[WhiteElo "1539"]
[BlackElo "2235"]
[Opening "KGA: Hanstein gambit"]
[ECO "C38"]
[NIC "KG.01"]
[Time "19:01:24"]
[TimeControl "180+0"]

1. e4 e5 2. f4 exf4 3. Nf3 g5 4. Bc4 Bg7 5. O-O d6 6. d4 Be6 7. d5 Bc8 8.
Nc3 Nd7 9. h4 h6 10. Nb5 a6 11. Nbd4 g4 12. Ne1 Be5 13. Bxf4 Qxh4 14. g3 Qh3
15. Nf5 Nb6 16. Be2 Bxf5 17. exf5 Bxf4 18. Rxf4 Qxg3+ 19. Ng2 O-O-O 20. Bxg4
Nf6 21. c4 Rhg8 22. c5 Nxg4 {White resigns} 0-1

[Event "ICCopen2017"]
[Site "Internet Chess Club"]
[Date "2017.03.26"]
[Round "1"]
[White "sanguine"]
[Black "dashingfox"]
[Result "0-1"]
[ICCResult "White resigns"]
[WhiteElo "1035"]
[BlackElo "1834"]
[Opening "Ruy Lopez: 5.O-O"]
[ECO "C78"]
[NIC "RL.12"]
[Time "19:01:48"]
[TimeControl "180+0"]

1. e4 e5 2. Nf3 Nc6 3. Bb5 a6 4. Ba4 Nf6 5. O-O b5 6. Bb3 Be7 7. d4 d6 8. d5
Na5 9. c3 Nxb3 10. Qxb3 Nxe4 11. Re1 Nc5 12. Qc2 Bg4 13. h3 Bxf3 14. gxf3
Qd7 15. Kh2 f5 16. Bd2 O-O 17. b4 Nb7 18. Rg1 Bf6 19. Be3 f4 20. Bd2 c5 21.
Be1 cxb4 22. Nd2 Rac8 23. Ne4 bxc3 24. Nxf6+ Rxf6 25. Bxc3 Rh6 26. Rg4 Rxh3+
27. Kxh3 h5 28. Rg1 hxg4+ 29. Rxg4 Qf7 30. Rh4 g6 31. Rh6 Qf5+ 32. Kg2 Qxc2
{White resigns}
0-1

[Event "ICCopen2017"]
[Site "Internet Chess Club"]
[Date "2017.03.26"]
[Round "1"]
[White "AnthonyRaelund"]
[Black "nadalthegreat"]
[Result "0-1"]
[ICCResult "White checkmated"]
[WhiteElo "1422"]
[BlackElo "2064"]
[Opening "English opening"]
[ECO "A20"]
[NIC "EO.14"]
[Time "19:02:27"]
[TimeControl "180+0"]

1. c4 e5 2. g3 Nf6 3. Bg2 g6 4. Nc3 Bg7 5. e4 O-O 6. Nge2 d6 7. O-O Nc6 8.
d3 h6 9. h3 Be6 10. Be3 Qd7 11. Nd5 Bxh3 12. Nxf6+ Bxf6 13. Bxh6 Bg7 14.
Bxg7 Kxg7 15. Bxh3 Qxh3 16. a3 Rh8 17. Re1 Qh1# {White checkmated} 0-1

[Event "ICCopen2017"]
[Site "Internet Chess Club"]
[Date "2017.03.26"]
[Round "1"]
[White "Discoverchess"]
[Black "Revolutions"]
[Result "1-0"]
[ICCResult "Black checkmated"]
[WhiteElo "2781"]
[BlackElo "1803"]
[Opening "Sicilian"]
[ECO "B56"]
[NIC "SI.25"]
[Time "19:02:27"]
[TimeControl "180+0"]

1. e4 c5 2. Nf3 d6 3. d4 cxd4 4. Nxd4 Nf6 5. Nc3 Nc6 6. f3 e6 7. Be3 Be7 8.
Qd2 O-O 9. O-O-O a6 10. g4 Nd7 11. h4 Nde5 12. Be2 Bd7 13. f4 Nxd4 14. Bxd4
Nc6 15. Be3 Rc8 16. g5 Qa5 17. Kb1 Nb4 18. a3 Nc6 19. h5 Na7 20. Bxa7 b5 21.
Nd5 Qd8 22. Bb6 Qe8 23. Nxe7+ Qxe7 24. Qxd6 Qxd6 25. Rxd6 Bc6 26. Bd3 Ba8
27. g6 h6 28. Rg1 f6 29. Rxe6 Rfe8 30. Rxe8+ Rxe8 31. Re1 f5 32. e5 Bd5 33.
b3 Re6 34. Bc5 Rc6 35. Bd6 Kh8 36. c4 Bg8 37. c5 b4 38. axb4 Bxb3 39. e6 a5
40. e7 axb4 41. e8=Q+ Bg8 42. Qxg8+ Kxg8 43. Re8# {Black checkmated} 1-0

[Event "ICCopen2017"]
[Site "Internet Chess Club"]
[Date "2017.03.26"]
[Round "1"]
[White "KnightWalker"]
[Black "GreyWarden"]
[Result "0-1"]
[ICCResult "White resigns"]
[WhiteElo "1364"]
[BlackElo "1980"]
[Opening "Ruy Lopez: exchange variation"]
[ECO "C68"]
[NIC "RL.08"]
[Time "19:01:45"]
[TimeControl "180+0"]

1. e4 e5 2. Nf3 Nc6 3. Bb5 a6 4. Bxc6 dxc6 5. h3 Nf6 6. O-O Bd6 7. Re1 O-O
8. d4 Nd7 9. c3 Re8 10. Nbd2 c5 11. d5 Nf8 12. c4 f5 13. Nf1 fxe4 14. Rxe4
Bf5 15. Re1 e4 16. N3h2 Nd7 17. Ne3 Bg6 18. b3 Ne5 19. Nhg4 Nd3 20. Rf1 h5
21. Nh2 Qf6 22. f3 Qxa1 23. Bd2 Qxd1 24. Rxd1 Be5 25. fxe4 Bxe4 26. Nf3 Bxf3
27. gxf3 Bd4 {White resigns} 0-1

[Event "ICCopen2017"]
[Site "Internet Chess Club"]
[Date "2017.03.26"]
[Round "1"]
[White "ROWLAND"]
[Black "DEHO"]
[Result "0-1"]
[ICCResult "White resigns"]
[WhiteElo "1425"]
[BlackElo "2071"]
[Opening "Scandinavian: Pytel-Wade variation"]
[ECO "B01"]
[NIC "SD.02"]
[Time "19:01:31"]
[TimeControl "180+0"]

1. e4 d5 2. exd5 Qxd5 3. Nc3 Qd6 4. d4 Nf6 5. Nf3 c6 6. h3 Bf5 7. Bd3 Bxd3
8. Qxd3 e6 9. Bg5 Nbd7 10. O-O-O Be7 11. Rhe1 O-O 12. Ne5 Rad8 13. a3 Nd5
14. Bxe7 Qxe7 15. Re4 N7f6 16. Rh4 Nxc3 17. bxc3 Qxa3+ 18. Kd2 h6 19. g4 c5
20. g5 hxg5 21. Rg1 gxh4 22. Rxg7+ Kxg7 23. Ng4 Nxg4 24. hxg4 cxd4 25. cxd4
Qxd3+ {White resigns} 0-1

[Event "ICCopen2017"]
[Site "Internet Chess Club"]
[Date "2017.03.26"]
[Round "1"]
[White "Mormegil"]
[Black "Dictator"]
[Result "0-1"]
[ICCResult "White resigns"]
[WhiteElo "1741"]
[BlackElo "2599"]
[Opening "King's Indian: fianchetto without c4"]
[ECO "A49"]
[NIC "QP.06"]
[Time "19:02:12"]
[TimeControl "180+0"]

1. Nf3 Nf6 2. d4 g6 3. g3 Bg7 4. Bg2 O-O 5. O-O d5 6. Nc3 c6 7. Re1 Bg4 8.
h3 Bf5 9. Nh4 Nbd7 10. Nxf5 gxf5 11. Bf4 Ne4 12. f3 Nxc3 13. bxc3 Qa5 14.
Qd3 e6 15. e4 fxe4 16. fxe4 dxe4 17. Bxe4 Nf6 18. Bg2 Nd5 19. Bd2 Rad8 20.
c4 Nb4 21. Qb3 Bxd4+ 22. Kh2 Bg1+ 23. Kxg1 Rxd2 24. Qc3 Qc5+ 25. Kh1 Rfd8
26. Be4 Qf2 {White resigns} 0-1

[Event "ICCopen2017"]
[Site "Internet Chess Club"]
[Date "2017.03.26"]
[Round "1"]
[White "Realboy"]
[Black "dhar2603"]
[Result "1-0"]
[ICCResult "Black resigns"]
[WhiteElo "3001"]
[BlackElo "1825"]
[Opening "Sicilian: Alapin's variation (2.c3)"]
[ECO "B22"]
[NIC "SI.46"]
[Time "19:02:14"]
[TimeControl "180+0"]

1. e4 c5 2. c3 d5 3. exd5 Qxd5 4. d4 Nf6 5. Nf3 e6 6. Na3 a6 7. Nc4 Nbd7 8.
Be2 Be7 9. O-O O-O 10. Nfe5 Nxe5 11. Nb6 Qc6 12. Nxa8 Ned7 13. Bf3 Qb5 14.
a4 Qa5 15. dxc5 Nd5 16. Bxd5 exd5 17. b4 Qd8 18. Qxd5 Bf6 19. Bb2 Ne5 20.
Qxd8 Rxd8 21. Rad1 Rxd1 22. Rxd1 Nc4 23. Ba1 Bg4 24. f3 Be6 25. Nc7 Bf5 26.
Nd5 Be5 27. Ne3 {Black resigns} 1-0

[Event "ICCopen2017"]
[Site "Internet Chess Club"]
[Date "2017.03.26"]
[Round "1"]
[White "qpr"]
[Black "kingmate"]
[Result "0-1"]
[ICCResult "White forfeits on time"]
[WhiteElo "1626"]
[BlackElo "2430"]
[Opening "Queen's Indian: 4.Nc3"]
[ECO "E12"]
[NIC "NI.26"]
[Time "19:01:26"]
[TimeControl "180+0"]

1. d4 e6 2. c4 Nf6 3. Nf3 b6 4. Nc3 Bb4 5. Qc2 Bb7 6. e3 O-O 7. Be2 d5 8.
O-O Nbd7 9. a3 Bd6 10. b4 dxc4 11. Bxc4 e5 12. dxe5 Nxe5 13. Nxe5 Bxe5 14.
Bb2 Qe7 15. f4 Bd6 16. Rae1 Rfe8 17. h3 a5 18. b5 c6 19. a4 Rac8 20. Qb3 Bb4
21. Re2 cxb5 22. Nxb5 Ne4 23. Kh2 Nc5 24. Qa2 Be4 25. Bd4 Ne6 26. Bxb6 Qf6
27. Bd4 Nxd4 {White forfeits on time} 0-1

[Event "ICCopen2017"]
[Site "Internet Chess Club"]
[Date "2017.03.26"]
[Round "1"]
[White "OparinGrigoriy"]
[Black "institutano"]
[Result "1-0"]
[ICCResult "Black resigns"]
[WhiteElo "2802"]
[BlackElo "1810"]
[Opening "Réti opening"]
[ECO "A04"]
[NIC "QP.10"]
[Time "19:02:28"]
[TimeControl "180+0"]

1. Nf3 c5 2. g3 b6 3. c4 Bb7 4. Bg2 Nf6 5. O-O e6 6. b3 Be7 7. Bb2 O-O 8. e3
d6 9. Qe2 Nbd7 10. d4 cxd4 11. exd4 Re8 12. Nbd2 Qc7 13. Rfe1 Bf8 14. Rac1
a6 15. a4 Rac8 16. Qd3 Qb8 17. h3 Qa8 18. g4 g6 19. g5 Nh5 20. Qe3 Bg7 21.
Bf1 e5 22. d5 a5 23. Ne4 Nf4 24. Nxd6 {Black resigns} 1-0

[Event "ICCopen2017"]
[Site "Internet Chess Club"]
[Date "2017.03.26"]
[Round "1"]
[White "eltigrecu"]
[Black "niftyleopard"]
[Result "1-0"]
[ICCResult "Black checkmated"]
[WhiteElo "1933"]
[BlackElo "1243"]
[Opening "Levitsky attack (Queen's bishop attack)"]
[ECO "D00"]
[NIC "QP.08"]
[Time "19:01:22"]
[TimeControl "180+0"]

1. d4 d5 2. Bg5 Nc6 3. e3 Bf5 4. Bb5 Nf6 5. Nf3 e6 6. Ne5 Qd6 7. Bf4 Qb4+ 8.
Nc3 Rc8 9. Rb1 Ne4 10. O-O Nxc3 11. bxc3 Qxc3 12. Rb3 Qa5 13. Nxc6 bxc6 14.
Bxc6+ Kd8 15. Qb1 Ke7 16. Rb5 Qa6 17. Bb7 Qa4 18. Bxc8 Bxc2 19. Qb2 Bd3 20.
Rb4 Qa5 21. Rc1 g6 22. Be5 Rg8 23. Rxc7+ Ke8 24. Bd7+ Kd8 25. Rb8+ Ke7 26.
Qb4+ Qxb4 27. Be8# {Black checkmated} 1-0

[Event "ICCopen2017"]
[Site "Internet Chess Club"]
[Date "2017.03.26"]
[Round "1"]
[White "larso"]
[Black "fishmaster"]
[Result "1-0"]
[ICCResult "Black checkmated"]
[WhiteElo "2630"]
[BlackElo "1741"]
[Opening "Ruy Lopez: open, Bernstein variation"]
[ECO "C80"]
[NIC "RL.27"]
[Time "19:02:43"]
[TimeControl "180+0"]

1. e4 e5 2. Nf3 Nc6 3. Bb5 a6 4. Ba4 Nf6 5. O-O Nxe4 6. d4 b5 7. Bb3 d5 8.
dxe5 Be6 9. Nbd2 Nc5 10. Re1 Be7 11. Nf1 Nxb3 12. axb3 O-O 13. Ng3 d4 14.
Re4 Qd5 15. Nxd4 Rad8 16. c3 Nxd4 17. cxd4 Qb7 18. Qc2 Bd5 19. Rg4 Bxg2 20.
Nf5 Bh3 21. Nxe7+ Kh8 22. Qxh7+ Kxh7 23. Rh4# {Black checkmated} 1-0

[Event "ICCopen2017"]
[Site "Internet Chess Club"]
[Date "2017.03.26"]
[Round "1"]
[White "blackending"]
[Black "Spirals"]
[Result "0-1"]
[ICCResult "White resigns"]
[WhiteElo "1524"]
[BlackElo "2193"]
[Opening "Sicilian: Najdorf, Opocensky variation"]
[ECO "B92"]
[NIC "SI.10"]
[Time "19:02:36"]
[TimeControl "180+0"]

1. e4 c5 2. Nf3 d6 3. d4 cxd4 4. Nxd4 Nf6 5. Nc3 a6 6. Be2 e5 7. Nf3 h6 8.
h3 Be6 9. Be3 Nbd7 10. O-O Be7 11. a4 Rc8 12. Bd3 O-O 13. Nd2 Qc7 14. f4
exf4 15. Bxf4 Ne5 16. Qe1 Qb6+ 17. Kh1 Qxb2 18. Nd5 Bxd5 19. exd5 Nxd3 20.
cxd3 Rfe8 21. Nc4 Qd4 22. Bxd6 Bxd6 23. Qxe8+ Nxe8 {White resigns} 0-1

[Event "ICCopen2017"]
[Site "Internet Chess Club"]
[Date "2017.03.26"]
[Round "1"]
[White "UnderArmour"]
[Black "atoz"]
[Result "1-0"]
[ICCResult "Black resigns"]
[WhiteElo "1958"]
[BlackElo "1347"]
[Opening "Sicilian, Chekhover variation"]
[ECO "B53"]
[NIC "SI.02"]
[Time "19:01:46"]
[TimeControl "180+0"]

1. e4 c5 2. Nf3 d6 3. d4 cxd4 4. Qxd4 Nc6 5. Bb5 Bd7 6. Bxc6 bxc6 7. c4 Qb6
8. Qd3 g6 9. Nc3 Bg7 10. O-O Nf6 11. h3 O-O 12. Rb1 Rab8 13. Be3 Qc7 14. Nd4
Rb7 15. f4 Rfb8 16. b3 a6 17. f5 e5 18. fxe6 Bxe6 19. Nxe6 fxe6 20. Rbd1 Rd8
21. Bf4 e5 22. Bxe5 Rbb8 23. Bxf6 Bxf6 24. Rxf6 Qe7 25. Rxd6 Rf8 26. Rd7 Qf6
27. Rf1 Qe6 28. Rxf8+ Rxf8 29. Qd6 Qe8 30. Qe7 Qxe7 31. Rxe7 Rf4 32. Re6
{Black resigns}
1-0

[Event "ICCopen2017"]
[Site "Internet Chess Club"]
[Date "2017.03.26"]
[Round "1"]
[White "julkat-ch"]
[Black "SPARNALIQ"]
[Result "0-1"]
[ICCResult "White forfeits on time"]
[WhiteElo "1827"]
[BlackElo "3101"]
[Opening "French: Tarrasch, closed variation"]
[ECO "C05"]
[NIC "FR.17"]
[Time "19:01:26"]
[TimeControl "180+0"]

1. e4 e6 2. d4 d5 3. Nd2 Nf6 4. e5 Nfd7 5. Bd3 c5 6. c3 Nc6 7. Ne2 a5 8. O-O
a4 9. f4 g6 10. Nf3 Qb6 11. Rb1 cxd4 12. cxd4 Nb4 13. Ng3 Nxa2 14. f5 gxf5
15. Bg5 Nb4 16. Be2 Bg7 17. Nh5 Rg8 18. Nxg7+ Rxg7 19. Qd2 Nc6 20. Qf4 Nf8
21. Bf6 Rg6 22. Kh1 Nd7 23. Nh4 Qxd4 24. Nxg6 hxg6 25. Qxd4 Nxd4 26. Bd3
Nxf6 27. exf6 Bd7 28. h4 Bc6 29. Kh2 Kd7 30. Kg3 Kd6 31. Kf4 Nb3 32. Kg5 Nd2
33. Rh1 Nxb1 34. Bxb1 Rh8 35. g4 fxg4 36. Kxg4 d4 37. Rd1 e5 38. Bc2 Bd7+
39. Kg3 Rh5 40. Ra1 g5 41. hxg5 Rxg5+ 42. Kf3 Rg4 43. Bxa4 Rf4+ 44. Ke2 Bxa4
45. Rxa4 Re4+ 46. Kd2 Kd5 47. Rb4 Re3 48. Rxb7 Ke4 49. Rxf7 Rf3 50. Rf8 Rf2+
51. Kd1 Rf4 {White forfeits on time} 0-1

[Event "ICCopen2017"]
[Site "Internet Chess Club"]
[Date "2017.03.26"]
[Round "1"]
[White "TerryR"]
[Black "BeerMeUpScotty"]
[Result "1-0"]
[ICCResult "Black resigns"]
[WhiteElo "2263"]
[BlackElo "1555"]
[Opening "Old Benoni defense"]
[ECO "A43"]
[NIC "OI.09"]
[Time "19:04:23"]
[TimeControl "180+0"]

1. d4 c5 2. d5 d6 3. e4 g6 4. Nc3 Bg7 5. Nf3 a6 6. a4 e6 7. Be2 exd5 8. Nxd5
Ne7 9. Bg5 Nbc6 10. Nf6+ Bxf6 11. Bxf6 O-O 12. Qd2 Qa5 13. c3 {Black
resigns} 1-0